[Event "CZE-ch Youth G16 2022"]
[Site "Luhacovice"]
[Date "2022.03.14"]
[Round "4.5"]
[White "Fizerova, Lucie"]
[Black "Macova, Marketa"]
[Result "1-0"]
[ECO "C42"]
[WhiteElo "1804"]
[BlackElo "1224"]
[Annotator "NA"]
[PlyCount "97"]
[EventDate "2022.03.12"]
[EventType "swiss"]
[EventCountry "CZE"]
[SourceTitle "playchess.com"]
[Source "ChessBase"]
[SourceQuality "1"]
[TimeControl "40/5400+30:1800+30"]

1. e4 e5 2. Nf3 Nf6 3. Nxe5 d6 4. Nf3 Nxe4 5. Nc3 Nxc3 6. dxc3 Nc6 7. Be3 Bg4 8. Be2 Bc8 9. Bf1 Bg4 10. Be2 Be7 11. Qd2 Qd7 12. O-O-O O-O-O 13. h3 Be6 14. Bb5 a6 15. Ba4 Rhe8 16. Kb1 Kb8 17. Nd4 Bd5 {[%emt 0:03:07] [#]} 18. Nxc6+ $16 ({White has to play} 18. c4 $1 $18 Bxg2 19. Rh2) 18... Bxc6 19. Qd4 b6 20. Bxc6 Qxc6 21. Qxg7 Rf8 22. g4 Qe4 23. Rhe1 Qg6 24. Qxg6 fxg6 25. Bxb6 Bh4 26. Bd4 Bxf2 27. Re7 h5 28. Rg7 hxg4 29. hxg4 Bxd4 30. cxd4 Rg8 31. Rxg8 Rxg8 32. c3 Kb7 33. Rf1 Kb6 34. Rf7 a5 35. Kc2 c6 36. Rd7 d5 37. Kd3 Rb8 38. Rg7 c5 39. Rxg6+ Kb5 40. Rd6 c4+ 41. Kc2 Rg8 42. Rxd5+ Kb6 43. Rc5 Rxg4 44. Rxc4 Rg2+ 45. Kb3 Rd2 46. a4 Ka6 47. Rc5 Kb6 48. Rb5+ Ka6 49. Kc4 1-0

[Event "CZE-ch Youth G16 2022"]
[Site "Luhacovice"]
[Date "2022.03.14"]
[Round "4.6"]
[White "Seda, Michaela"]
[Black "Mullerova, Karina Nela"]
[Result "1/2-1/2"]
[ECO "C42"]
[WhiteElo "1364"]
[BlackElo "1250"]
[Annotator "NA"]
[PlyCount "120"]
[EventDate "2022.03.12"]
[EventType "swiss"]
[EventCountry "CZE"]
[SourceTitle "playchess.com"]
[Source "ChessBase"]
[SourceQuality "1"]
[TimeControl "40/5400+30:1800+30"]

1. e4 e5 2. Nf3 Nf6 3. Nxe5 d6 4. Nf3 Nxe4 5. d4 Bg4 6. Bd3 d5 7. c4 Bb4+ 8. Bd2 Bxd2+ 9. Nbxd2 Nxd2 10. Qxd2 Bxf3 11. gxf3 Qe7+ 12. Qe3 Nc6 13. O-O O-O-O 14. Rfe1 Qf6 15. cxd5 Rxd5 16. Be4 Rg5+ 17. Kh1 Nxd4 18. Rad1 Rd8 19. Rd2 c5 20. Red1 Rh5 21. f4 Qh4 22. h3 Qxh3+ 23. Qxh3+ Rxh3+ 24. Kg2 Rh5 25. b4 b6 26. Bf3 Rh4 27. bxc5 bxc5 28. Rc1 Kd7 29. Rxc5 Ke8 30. Re5+ Kf8 31. Re4 Ne6 32. Rxd8+ Nxd8 33. Kg3 Rh6 34. Ra4 Nc6 35. Bxc6 Rxc6 36. Rxa7 Rc2 37. a4 Ra2 38. a5 g6 39. f3 Kg7 40. a6 Kf6 41. Ra8 h5 42. a7 Ra4 43. Kf2 Kf5 44. Kg3 f6 45. Kg2 Kxf4 46. Rf8 Rxa7 47. Rxf6+ Kg5 48. Rb6 Rf7 49. Rb4 Rf4 50. Rb5+ Kh4 51. Rb1 Kg5 52. Rb5+ Rf5 53. Rb4 h4 54. Ra4 Kh5 55. Rb4 g5 56. Ra4 h3+ 57. Kg3 h2 58. Ra1 Rf4 59. Rh1 Rh4 60. Rxh2 Rxh2 1/2-1/2

[Event "CZE-ch Youth G16 2022"]
[Site "Luhacovice"]
[Date "2022.03.15"]
[Round "5.1"]
[White "Markova, Karolina"]
[Black "Hosova, Sandra"]
[Result "1-0"]
[ECO "A36"]
[WhiteElo "1589"]
[BlackElo "1545"]
[Annotator "NA RC"]
[PlyCount "133"]
[EventDate "2022.03.12"]
[EventType "swiss"]
[EventCountry "CZE"]
[SourceTitle "playchess.com"]
[Source "ChessBase"]
[SourceQuality "1"]
[TimeControl "40/5400+30:1800+30"]

1. c4 c5 2. Nc3 Nc6 3. g3 g6 4. Bg2 Bg7 5. e3 e6 6. Nge2 Nge7 7. O-O O-O 8. d4 cxd4 9. exd4 d6 10. Be3 Nf5 11. Qd2 Nxe3 12. fxe3 Ne7 13. e4 Qc7 14. b3 Bd7 15. Rad1 Rad8 16. Nf4 Qb6 17. Kh1 f5 18. d5 e5 19. Nfe2 Rf7 20. Bh3 Rdf8 21. Nc1 Qc7 22. Nd3 a6 23. Rc1 Bc8 24. Rf2 Qd8 25. Rcf1 Rf6 26. Ne1 R8f7 27. Ng2 Qf8 28. Nh4 Bh6 29. Qc2 Be3 30. Rf3 fxe4 31. Rxf6 Rxf6 32. Rxf6 Qxf6 33. Nxe4 Qf8 34. Qg2 Nf5 35. Nf3 Bd7 36. Neg5 Bxg5 37. Nxg5 Ne3 38. Qe2 Bxh3 39. Nxh3 Nf5 40. Kg2 Kg7 41. Qf2 Qd8 42. Qa7 Qc7 43. Ng5 Kh6 44. Ne6 Qa5 45. Qf2 Qc3 46. Kh3 Qe3 47. Qxe3+ Nxe3 48. Nd8 Kh5 49. Nxb7 g5 50. g4+ Nxg4 51. Nxd6 Nf6 52. Nf5 Kg6 53. Ne3 Kf7 54. Ng4 e4 55. Nxf6 Kxf6 56. Kg3 Ke5 57. Kf2 g4 58. Ke3 h5 59. d6 Kxd6 60. Kxe4 h4 61. Kf4 g3 62. Kf3 Ke5 63. hxg3 hxg3 64. Kxg3 a5 65. Kf3 Kd4 66. Ke2 a4 67. Kd2 1-0

[Event "CZE-ch Youth G16 2022"]
[Site "Luhacovice"]
[Date "2022.03.15"]
[Round "5.2"]
[White "Voriskova, Anna"]
[Black "Nagyova, Daniela"]
[Result "1-0"]
[ECO "E18"]
[WhiteElo "1812"]
[BlackElo "1623"]
[Annotator "NA"]
[PlyCount "85"]
[EventDate "2022.03.12"]
[EventType "swiss"]
[EventCountry "CZE"]
[SourceTitle "playchess.com"]
[Source "ChessBase"]
[SourceQuality "1"]
[TimeControl "40/5400+30:1800+30"]

1. d4 Nf6 2. c4 e6 3. Nf3 b6 4. g3 Bb7 5. Bg2 Be7 6. O-O O-O 7. Nc3 d5 8. Ne5 Na6 9. b3 c5 10. Bb2 Qb8 11. cxd5 exd5 12. e3 Nc7 13. Rc1 Rd8 14. Qc2 Ne6 15. Nf3 Qd6 $11 16. Rfd1 Rac8 17. Qb1 Bf8 18. dxc5 bxc5 19. e4 Qe7 20. exd5 Nxd5 21. Ne4 Nb4 22. Neg5 g6 23. Nxe6 Qxe6 24. Ng5 Qa6 25. Bxb7 Qxb7 26. Ne4 Rxd1+ 27. Rxd1 Be7 28. Bf6 Qc7 29. Qb2 Nc6 30. Bxe7 Qxe7 31. Nf6+ Kg7 32. Ne8+ Kh6 33. Qg7+ Kg5 34. h4+ Kg4 35. Nf6+ Kh3 36. Nd5 Qe4 37. Nf4+ Kg4 38. Qxf7 Qf5 39. Qxf5+ gxf5 40. Rd7 Rd8 41. Rxd8 Nxd8 42. Kg2 Nc6 43. f3# 1-0

[Event "CZE-ch Youth G16 2022"]
[Site "Luhacovice"]
[Date "2022.03.15"]
[Round "5.3"]
[White "Smajzrova, Dominika"]
[Black "Fizerova, Lucie"]
[Result "0-1"]
[ECO "B23"]
[WhiteElo "1203"]
[BlackElo "1804"]
[Annotator "NA"]
[PlyCount "49"]
[EventDate "2022.03.12"]
[EventType "swiss"]
[EventCountry "CZE"]
[SourceTitle "playchess.com"]
[Source "ChessBase"]
[SourceQuality "1"]
[TimeControl "40/5400+30:1800+30"]

1. e4 c5 2. Nc3 a6 3. g3 b5 4. a3 Bb7 5. Bg2 Nf6 6. d3 e6 7. Bg5 Be7 8. Nf3 d5 9. Bxf6 Bxf6 10. e5 (10. exd5 $1 $11 exd5 11. Qe2+ Kf8 12. Qd2) 10... Be7 11. O-O Nd7 $15 12. Re1 Qc7 13. Nb1 g5 14. h3 h5 15. Qe2 d4 16. Nbd2 g4 17. hxg4 hxg4 18. Nh2 Bxg2 19. Kxg2 O-O-O 20. Nxg4 Rdg8 21. Rh1 Qb7+ 22. Qf3 Rxh1 23. Rxh1 Rxg4 24. Qe4 Qc6 25. Qxc6+ 0-1

[Event "CZE-ch Youth G16 2022"]
[Site "Luhacovice"]
[Date "2022.03.15"]
[Round "5.4"]
[White "Havelkova, Beata"]
[Black "Sulcova, Tereza Radmila"]
[Result "0-1"]
[ECO "B00"]
[WhiteElo "1666"]
[BlackElo "1555"]
[Annotator "NA"]
[PlyCount "50"]
[EventDate "2022.03.12"]
[EventType "swiss"]
[EventCountry "CZE"]
[SourceTitle "playchess.com"]
[Source "ChessBase"]
[SourceQuality "1"]
[TimeControl "40/5400+30:1800+30"]

1. e4 b6 2. d4 Bb7 3. Nc3 Nf6 4. Bd3 e6 5. Nge2 Be7 6. Be3 O-O 7. Nf4 d6 8. e5 dxe5 9. dxe5 Nfd7 10. O-O g6 11. Bc4 Nxe5 12. Bb3 Qxd1 13. Raxd1 a6 14. Rfe1 c5 15. Nxe6 fxe6 16. Bh6 Nf7 17. Rxe6 Bd8 18. Bxf8 Kxf8 19. Rde1 Nc6 20. Bd5 Rc8 21. f4 b5 22. Ne4 c4 23. Nc5 Bb6 24. Rf6 Bxc5+ 25. Kf1 Ncd8 0-1

[Event "CZE-ch Youth G16 2022"]
[Site "Luhacovice"]
[Date "2022.03.15"]
[Round "5.6"]
[White "Sargsyan, Anna B."]
[Black "Seda, Michaela"]
[Result "0-1"]
[ECO "C50"]
[WhiteElo "1602"]
[BlackElo "1364"]
[Annotator "NA"]
[PlyCount "50"]
[EventDate "2022.03.12"]
[EventType "swiss"]
[EventCountry "CZE"]
[SourceTitle "playchess.com"]
[Source "ChessBase"]
[SourceQuality "1"]
[TimeControl "40/5400+30:1800+30"]

1. e4 e5 2. Nf3 Nc6 3. Bc4 Bc5 4. Nc3 Nf6 5. d3 h6 6. O-O d6 7. Bd2 Bg4 8. h3 Bh5 9. g4 Nxg4 10. Qe1 Nf6 11. Nh2 Qd7 12. Nd5 Nxd5 13. Bxd5 Qxh3 14. Be3 Bb6 15. Bxb6 axb6 16. Qe3 Qxe3 17. fxe3 Rf8 18. c3 Be2 19. Rf2 Bxd3 20. Rd1 Ba6 21. c4 Ne7 22. b4 Nxd5 23. exd5 Bxc4 24. Ra1 Bxd5 25. Nf3 Ra3 0-1

[Event "CZE-ch Youth G16 2022"]
[Site "Luhacovice"]
[Date "2022.03.15"]
[Round "5.7"]
[White "Mullerova, Karina Nela"]
[Black "Macova, Marketa"]
[Result "1/2-1/2"]
[ECO "C44"]
[WhiteElo "1250"]
[BlackElo "1224"]
[Annotator "NA"]
[PlyCount "72"]
[EventDate "2022.03.12"]
[EventType "swiss"]
[EventCountry "CZE"]
[SourceTitle "playchess.com"]
[Source "ChessBase"]
[SourceQuality "1"]
[TimeControl "40/5400+30:1800+30"]

1. e4 e5 2. Nf3 Nc6 3. d4 exd4 4. Bc4 Bc5 5. Ng5 Nh6 6. Nxf7 Nxf7 7. Bxf7+ Kxf7 8. Qh5+ Kf8 9. Qxc5+ d6 10. Qd5 Qf6 11. Qg5 Qe5 12. f3 Be6 13. Bf4 Qxg5 14. Bxg5 Nb4 15. Na3 Nxa2 16. Rxa2 Bxa2 17. b3 a5 18. Nb5 d3 19. Kd2 dxc2 20. Kxc2 a4 21. bxa4 Kf7 22. Kb2 Be6 23. Ra1 Rhc8 24. f4 g6 25. h3 d5 26. e5 Bf5 27. Kc3 Ke6 28. Nd4+ Kd7 29. g4 Be4 30. f5 c5 31. e6+ Ke8 32. Nb5 gxf5 33. gxf5 Ra6 34. Rf1 d4+ 35. Kd2 Rb6 36. e7 Rxb5 1/2-1/2

[Event "CZE-ch Youth G16 2022"]
[Site "Luhacovice"]
[Date "2022.03.16"]
[Round "6.1"]
[White "Markova, Karolina"]
[Black "Voriskova, Anna"]
[Result "0-1"]
[ECO "A27"]
[WhiteElo "1589"]
[BlackElo "1812"]
[Annotator "NA"]
[PlyCount "80"]
[EventDate "2022.03.12"]
[EventType "swiss"]
[EventCountry "CZE"]
[SourceTitle "playchess.com"]
[Source "ChessBase"]
[SourceQuality "1"]
[TimeControl "40/5400+30:1800+30"]

1. c4 e5 2. Nc3 Nc6 3. Nf3 Bc5 4. d3 a6 5. g3 d6 6. Bg2 Ba7 7. O-O Nge7 8. a3 O-O 9. b4 f5 10. e3 Ng6 11. Bb2 (11. Ne2 $14 {was preferrable.}) 11... f4 12. d4 fxe3 13. fxe3 Bg4 14. Ne2 (14. c5 $11) 14... e4 $1 15. Ne1 Rxf1+ 16. Bxf1 Qg5 17. Ng2 Rf8 18. Qb3 Qf5 19. Nef4 Nxf4 20. gxf4 $17 Ne7 21. Qc2 Qh5 22. Qxe4 Re8 23. Qc2 Nf5 24. Qf2 Re6 25. Re1 Rh6 26. h4 Bf3 27. e4 Bxg2 28. exf5 Bxf1 29. Kxf1 Qxf5 30. Qe3 Rxh4 31. Qe8+ Qf8 32. Qxf8+ Kxf8 33. Kg2 Rxf4 34. c5 dxc5 35. dxc5 Bb8 36. Be5 Rf7 37. Kg3 Re7 38. Rf1+ Ke8 39. Bf4 h6 40. Rd1 g5 0-1

[Event "CZE-ch Youth G16 2022"]
[Site "Luhacovice"]
[Date "2022.03.16"]
[Round "6.2"]
[White "Sulcova, Tereza Radmila"]
[Black "Hosova, Sandra"]
[Result "1/2-1/2"]
[ECO "B24"]
[WhiteElo "1555"]
[BlackElo "1545"]
[Annotator "NA"]
[PlyCount "60"]
[EventDate "2022.03.12"]
[EventType "swiss"]
[EventCountry "CZE"]
[SourceTitle "playchess.com"]
[Source "ChessBase"]
[SourceQuality "1"]
[TimeControl "40/5400+30:1800+30"]

1. e4 c5 2. Nc3 Nc6 3. Bb5 g6 4. Bxc6 bxc6 5. f4 Bg7 6. Nf3 e6 7. O-O Ne7 8. d3 d5 9. Qe1 O-O 10. Kh1 Bd7 11. Qh4 f5 12. e5 Re8 13. g4 fxg4 14. Qxg4 Nf5 15. Ne2 Re7 16. Ng3 Qb6 17. Nxf5 exf5 18. Qh4 Rae8 19. Rg1 d4 20. Ng5 Bf8 21. Qg3 Qb5 22. b3 Qb4 23. Qf2 Rg7 24. h4 h5 25. Bd2 Qb5 26. Rae1 Be6 27. Re2 Qa6 28. Nxe6 Rxe6 29. a4 Be7 30. Kh2 Qb6 1/2-1/2

[Event "CZE-ch Youth G16 2022"]
[Site "Luhacovice"]
[Date "2022.03.16"]
[Round "6.3"]
[White "Fizerova, Lucie"]
[Black "Nagyova, Daniela"]
[Result "1/2-1/2"]
[ECO "C63"]
[WhiteElo "1804"]
[BlackElo "1623"]
[Annotator "NA"]
[PlyCount "62"]
[EventDate "2022.03.12"]
[EventType "swiss"]
[EventCountry "CZE"]
[SourceTitle "playchess.com"]
[Source "ChessBase"]
[SourceQuality "1"]
[TimeControl "40/5400+30:1800+30"]

1. e4 e5 2. Nf3 Nc6 3. Bb5 f5 4. d3 fxe4 5. dxe4 Nf6 6. O-O Bc5 7. Qd3 d6 8. Qc4 Bd7 9. Bxc6 Bxc6 10. Nxe5 Bxf2+ $1 11. Rxf2 dxe5 $11 12. Nc3 Qe7 13. Be3 a6 14. Rd1 Rd8 15. Rxd8+ Kxd8 16. Rd2+ Kc8 17. Bc5 Qe8 18. a4 Kb8 19. Nd5 Nxd5 20. exd5 Bxa4 21. d6 cxd6 22. Bxd6+ Ka8 23. Qe4 Bc6 24. Qxe5 Qg6 25. Bc5 Re8 26. Qe7 Qf6 27. Qxf6 gxf6 28. Rd6 Kb8 29. Rxf6 Re2 30. Rf8+ Kc7 31. Rf7+ Kd8 1/2-1/2

[Event "CZE-ch Youth G16 2022"]
[Site "Luhacovice"]
[Date "2022.03.16"]
[Round "6.4"]
[White "Nespora, Tatana"]
[Black "Smajzrova, Dominika"]
[Result "0-1"]
[ECO "B01"]
[WhiteElo "1452"]
[BlackElo "1203"]
[Annotator "NA"]
[PlyCount "52"]
[EventDate "2022.03.12"]
[EventType "swiss"]
[EventCountry "CZE"]
[SourceTitle "playchess.com"]
[Source "ChessBase"]
[SourceQuality "1"]
[TimeControl "40/5400+30:1800+30"]

1. e4 d5 2. exd5 Nf6 3. Nf3 Nxd5 4. d4 g6 5. Be2 Bg7 6. O-O O-O 7. c4 Nb6 8. Be3 Nc6 9. Nc3 Bg4 10. d5 Bxf3 11. Bxf3 Ne5 12. c5 Nxf3+ 13. Qxf3 Nc4 14. Bf4 c6 15. b3 Ne5 16. Qg3 f6 17. d6 exd6 18. cxd6 Qxd6 19. Rfd1 Qb4 20. Rac1 Rad8 21. Rxd8 Rxd8 22. Qe3 Rd3 23. Qe1 Qxf4 24. Ne4 Qg4 25. Ng3 Bh6 26. Rc2 Rd1 0-1

[Event "CZE-ch Youth G16 2022"]
[Site "Luhacovice"]
[Date "2022.03.16"]
[Round "6.5"]
[White "Seda, Michaela"]
[Black "Sehnoutkova, Laura"]
[Result "1-0"]
[ECO "B72"]
[WhiteElo "1364"]
[BlackElo "1126"]
[Annotator "NA"]
[PlyCount "79"]
[EventDate "2022.03.12"]
[EventType "swiss"]
[EventCountry "CZE"]
[SourceTitle "playchess.com"]
[Source "ChessBase"]
[SourceQuality "1"]
[TimeControl "40/5400+30:1800+30"]

1. e4 c5 2. Nf3 Nc6 3. d4 cxd4 4. Nxd4 g6 5. Nc3 Bg7 6. Be3 Nf6 7. Be2 d6 8. Qd2 Ng4 9. Bxg4 Bxg4 10. O-O O-O 11. Nxc6 bxc6 12. Bh6 Qc7 13. Bxg7 Kxg7 14. h3 Bd7 15. Rfd1 Rad8 16. f4 Bc8 17. Kh1 e6 18. Qd4+ Kg8 19. Qf6 Rfe8 20. e5 d5 21. Rd2 Ba6 22. Rad1 Qe7 23. Ne4 Rb8 24. Qxe7 Rxe7 25. Nf6+ Kg7 26. b3 h6 27. c4 h5 28. h4 Reb7 29. Rc2 Rd8 30. Ne4 Rbb8 31. Rcd2 Kf8 32. Nd6 Ke7 33. Rc2 f6 34. Rdd2 fxe5 35. fxe5 Rd7 36. Rf2 Rf8 37. Rxf8 Kxf8 38. Rf2+ Ke7 39. Rf3 Rd8 40. Rf7# 1-0

[Event "CZE-ch Youth G16 2022"]
[Site "Luhacovice"]
[Date "2022.03.16"]
[Round "6.8"]
[White "Macova, Marketa"]
[Black "Sargsyan, Anna B."]
[Result "1-0"]
[ECO "C31"]
[WhiteElo "1224"]
[BlackElo "1602"]
[Annotator "NA"]
[PlyCount "49"]
[EventDate "2022.03.12"]
[EventType "swiss"]
[EventCountry "CZE"]
[SourceTitle "playchess.com"]
[Source "ChessBase"]
[SourceQuality "1"]
[TimeControl "40/5400+30:1800+30"]

1. e4 e5 2. f4 d5 3. exd5 exf4 4. Nf3 Bg4 5. d3 Bxf3 6. Qxf3 Qh4+ 7. Kd1 Bd6 8. Nc3 Nf6 9. Be2 O-O 10. h3 Nh5 11. Qxh5 Qxh5 12. Bxh5 Re8 13. Re1 Nd7 14. Nb5 Nf6 15. Bf3 Rxe1+ 16. Kxe1 Re8+ 17. Kf1 a6 18. Nxd6 cxd6 19. Bxf4 g6 20. Bxd6 Nh5 21. Bxh5 gxh5 22. Re1 Rxe1+ 23. Kxe1 Kg7 24. Ke2 Kg6 25. Bf4 1-0

[Event "CZE-ch Youth G16 2022"]
[Site "Luhacovice"]
[Date "2022.03.17"]
[Round "7.1"]
[White "Voriskova, Anna"]
[Black "Fizerova, Lucie"]
[Result "1-0"]
[ECO "D27"]
[WhiteElo "1812"]
[BlackElo "1804"]
[Annotator "NA"]
[PlyCount "75"]
[EventDate "2022.03.12"]
[EventType "swiss"]
[EventCountry "CZE"]
[SourceTitle "playchess.com"]
[Source "ChessBase"]
[SourceQuality "1"]
[TimeControl "40/5400+30:1800+30"]

1. d4 d5 2. c4 dxc4 3. e3 Nf6 4. Bxc4 e6 5. Nf3 c5 6. O-O a6 7. Bb3 b5 8. dxc5 Qxd1 9. Rxd1 Bxc5 10. Bd2 Bb7 11. Be1 Nbd7 12. a4 O-O 13. axb5 axb5 14. Nc3 Rab8 15. Nd4 b4 16. Nce2 Rfc8 17. Nxe6 Be4 18. Ng5 Bg6 19. Nf4 h6 20. Nf3 Bh7 21. h3 g5 22. Nd5 Nxd5 23. Rxd5 Nf6 24. Rdd1 Re8 25. Ra6 Kg7 26. Rc6 Bf8 27. Rc7 Bg6 28. Nd4 Bd6 29. Nf5+ Bxf5 30. Rxf7+ Kg6 31. Rxd6 Be6 32. Bxe6 Rxe6 33. Rxe6 Kxf7 34. Rc6 Ke7 35. Rc4 b3 36. Bc3 Nd5 37. e4 Nxc3 38. Rxc3 1-0

[Event "CZE-ch Youth G16 2022"]
[Site "Luhacovice"]
[Date "2022.03.17"]
[Round "7.2"]
[White "Sulcova, Tereza Radmila"]
[Black "Markova, Karolina"]
[Result "0-1"]
[ECO "B24"]
[WhiteElo "1555"]
[BlackElo "1589"]
[Annotator "NA"]
[PlyCount "90"]
[EventDate "2022.03.12"]
[EventType "swiss"]
[EventCountry "CZE"]
[SourceTitle "playchess.com"]
[Source "ChessBase"]
[SourceQuality "1"]
[TimeControl "40/5400+30:1800+30"]

1. e4 c5 2. Nc3 Nc6 3. g3 g6 4. Bg2 Bg7 5. d3 e6 6. Be3 d6 7. Qd2 Nge7 8. Bh6 O-O 9. Nh3 d5 10. Bxg7 Kxg7 11. Qg5 f6 12. Qc1 d4 13. Ne2 e5 14. O-O Be6 15. f4 Qd7 16. Nf2 b5 17. h3 c4 18. g4 Bf7 19. h4 h6 20. Ng3 exf4 21. Qxf4 Be6 22. Bh3 Ne5 23. Kh2 N7c6 24. a3 a5 25. Rad1 b4 26. Rg1 Kh7 27. Nf1 g5 28. Qg3 gxh4 29. Qf4 Qg7 30. axb4 axb4 31. dxc4 Bxc4 32. Nd3 Qg5 33. Qf2 b3 34. Nc5 bxc2 35. Qxc2 Ra5 36. Nd7 Nxd7 37. Qxc4 Nde5 38. Qe2 Qf4+ 39. Kg2 d3 40. Rxd3 Nxd3 41. Qxd3 Ne5 42. Qc2 Rfa8 43. Kh1 Ra1 44. b4 Rc1 45. Qe2 Qf3+ 0-1

[Event "CZE-ch Youth G16 2022"]
[Site "Luhacovice"]
[Date "2022.03.17"]
[Round "7.3"]
[White "Hosova, Sandra"]
[Black "Smajzrova, Dominika"]
[Result "1-0"]
[ECO "A03"]
[WhiteElo "1545"]
[BlackElo "1203"]
[Annotator "NA"]
[PlyCount "57"]
[EventDate "2022.03.12"]
[EventType "swiss"]
[EventCountry "CZE"]
[SourceTitle "playchess.com"]
[Source "ChessBase"]
[SourceQuality "1"]
[TimeControl "40/5400+30:1800+30"]

1. f4 d5 2. Nf3 Nf6 3. e3 Nc6 4. Bb5 Bd7 5. Bxc6 Bxc6 6. O-O e6 7. b3 Bc5 8. Bb2 Qe7 9. Qe1 O-O-O 10. Ne5 Bb5 11. c4 dxc4 12. bxc4 Ba6 13. Nc3 Nh5 14. Qe2 f6 15. Qxh5 fxe5 16. Ne4 Bb4 17. Qe2 exf4 18. Rxf4 Qd7 19. Rd1 Rhg8 20. Nc3 Bxc3 21. Bxc3 Qa4 22. d3 Qd7 23. Bd4 b6 24. Rdf1 c5 25. Rf7 Qd6 26. Rxa7 Bxc4 27. dxc4 cxd4 28. Qf3 Qb8 29. Qc6+ 1-0

[Event "CZE-ch Youth G16 2022"]
[Site "Luhacovice"]
[Date "2022.03.17"]
[Round "7.4"]
[White "Nagyova, Daniela"]
[Black "Seda, Michaela"]
[Result "1-0"]
[ECO "C52"]
[WhiteElo "1623"]
[BlackElo "1364"]
[Annotator "NA"]
[PlyCount "41"]
[EventDate "2022.03.12"]
[EventType "swiss"]
[EventCountry "CZE"]
[SourceTitle "playchess.com"]
[Source "ChessBase"]
[SourceQuality "1"]
[TimeControl "40/5400+30:1800+30"]

1. e4 e5 2. Nf3 Nc6 3. Bc4 Bc5 4. b4 Bxb4 5. c3 Ba5 6. d4 exd4 7. O-O d3 8. Qb3 Qe7 9. Ba3 d6 10. e5 Nd8 11. exd6 cxd6 12. Re1 Be6 13. Nd4 Bb6 14. Bxe6 Nxe6 15. Nxe6 Bxf2+ 16. Kxf2 Qh4+ 17. Kf1 Qxh2 18. Qa4+ Ke7 19. Nf4+ Kf6 20. Nd5+ Kg5 21. Bc1+ 1-0

[Event "CZE-ch Youth G16 2022"]
[Site "Luhacovice"]
[Date "2022.03.17"]
[Round "7.5"]
[White "Sehnoutkova, Laura"]
[Black "Nespora, Tatana"]
[Result "0-1"]
[ECO "A45"]
[WhiteElo "1126"]
[BlackElo "1452"]
[Annotator "NA"]
[PlyCount "56"]
[EventDate "2022.03.12"]
[EventType "swiss"]
[EventCountry "CZE"]
[SourceTitle "playchess.com"]
[Source "ChessBase"]
[SourceQuality "1"]
[TimeControl "40/5400+30:1800+30"]

1. d4 Nf6 2. Bf4 g6 3. e3 Bg7 4. Nf3 O-O 5. Be2 d6 6. h3 b6 7. Nbd2 Bb7 8. O-O Nbd7 9. c3 Ne8 10. Qc2 e5 11. dxe5 dxe5 12. Bg3 Nd6 13. e4 Qe7 14. Rfe1 Kh8 15. Rad1 Rae8 16. b4 f5 17. exf5 gxf5 18. Nc4 f4 19. Bh4 Bf6 20. Bxf6+ Qxf6 21. Nxd6 cxd6 22. Bb5 Re7 23. Bxd7 Rxd7 24. Nxe5 Qg7 25. f3 dxe5 26. Rxd7 Qf7 27. Re7 Qxe7 28. Rxe5 Qd7 0-1

[Event "CZE-ch Youth G16 2022"]
[Site "Luhacovice"]
[Date "2022.03.17"]
[Round "7.6"]
[White "Sargsyan, Anna B."]
[Black "Havelkova, Beata"]
[Result "0-1"]
[ECO "B43"]
[WhiteElo "1602"]
[BlackElo "1666"]
[Annotator "NA"]
[PlyCount "89"]
[EventDate "2022.03.12"]
[EventType "swiss"]
[EventCountry "CZE"]
[SourceTitle "playchess.com"]
[Source "ChessBase"]
[SourceQuality "1"]
[TimeControl "40/5400+30:1800+30"]

1. e4 c5 2. Nf3 e6 3. d4 cxd4 4. Nxd4 a6 5. Nc3 Qc7 6. Bd2 Bc5 7. Be3 Bb4 8. Qd2 Nf6 9. Bd3 d5 10. exd5 Nxd5 11. Nde2 Nxe3 12. Qxe3 Nc6 13. Qg3 Qxg3 14. hxg3 b6 15. a3 Bd6 16. O-O-O Ke7 17. Kb1 Bb7 18. Be4 f5 19. Bf3 Rac8 20. Nd4 Bc5 21. Nxc6+ Bxc6 22. Bxc6 Rxc6 23. f3 h6 24. b4 Bf2 25. Ne2 Rhc8 26. Rhf1 Be3 27. c3 Bg5 28. f4 Bf6 29. Rc1 Bxc3 30. Nxc3 Rxc3 31. Kb2 Rxc1 32. Rxc1 Rxc1 33. Kxc1 e5 34. fxe5 Ke6 35. Kd2 Kxe5 36. Ke3 b5 37. Kf3 Kd4 38. Kf4 g6 39. g4 fxg4 40. Kxg4 Kc4 41. Kf4 Kb3 42. g4 h5 43. g5 Kxa3 44. Ke5 h4 45. Kd4 0-1

[Event "CZE-ch Youth G16 2022"]
[Site "Luhacovice"]
[Date "2022.03.18"]
[Round "8.1"]
[White "Havelkova, Beata"]
[Black "Voriskova, Anna"]
[Result "0-1"]
[ECO "B12"]
[WhiteElo "1666"]
[BlackElo "1812"]
[Annotator "NA"]
[PlyCount "64"]
[EventDate "2022.03.12"]
[EventType "swiss"]
[EventCountry "CZE"]
[SourceTitle "playchess.com"]
[Source "ChessBase"]
[SourceQuality "1"]
[TimeControl "40/5400+30:1800+30"]

1. e4 c6 2. d4 d5 3. e5 Bf5 4. Nf3 Bc8 5. Ng1 Bf5 6. Nf3 e6 7. Be2 c5 8. O-O Nc6 9. c3 Bg6 10. Nbd2 cxd4 11. cxd4 Nge7 12. a3 Nf5 13. g4 Nfxd4 14. Nxd4 Nxd4 15. Qa4+ Nc6 16. Nf3 Bc5 17. Bb5 Rc8 18. Bg5 Be7 19. Bxe7 Qxe7 20. Nd4 O-O 21. Bxc6 bxc6 22. Nxc6 Qg5 23. h3 h5 24. Rac1 Be4 25. Rc3 d4 26. Nxd4 Rxc3 27. bxc3 hxg4 28. Nxe6 fxe6 29. Qxe4 gxh3+ 30. Kh2 Rf4 31. Qa8+ Kh7 32. Qh1 Qxe5 0-1

[Event "CZE-ch Youth G16 2022"]
[Site "Luhacovice"]
[Date "2022.03.18"]
[Round "8.2"]
[White "Nespora, Tatana"]
[Black "Hosova, Sandra"]
[Result "1/2-1/2"]
[ECO "B01"]
[WhiteElo "1452"]
[BlackElo "1545"]
[Annotator "NA"]
[PlyCount "79"]
[EventDate "2022.03.12"]
[EventType "swiss"]
[EventCountry "CZE"]
[SourceTitle "playchess.com"]
[Source "ChessBase"]
[SourceQuality "1"]
[TimeControl "40/5400+30:1800+30"]

1. e4 d5 2. exd5 Qxd5 3. Nc3 Qd6 4. d4 c6 5. Bc4 Nf6 6. Bb3 Bf5 7. f3 e6 8. Nge2 Qc7 9. Ng3 Bg6 10. Nce4 Nbd7 11. c3 h6 12. Bc2 Nd5 13. Nf2 f5 14. Qe2 O-O-O 15. Nd3 Bd6 16. Qf2 Rde8 17. O-O Bf7 18. c4 N5f6 19. c5 Bxg3 20. hxg3 Nd5 21. Nf4 N7f6 22. Rb1 g5 23. Nxd5 Nxd5 24. f4 gxf4 25. Bxf4 Nxf4 26. gxf4 Reg8 27. b4 Rg7 28. Bd1 h5 29. Bf3 Qxf4 30. b5 Be8 31. Qb2 Qc7 32. a4 h4 33. Rf2 h3 34. Qe2 Bf7 35. Qe5 Qxe5 36. dxe5 hxg2 37. Rxg2 Rxg2+ 38. Kxg2 Be8 39. Kg3 Rh7 40. Rb4 1/2-1/2

[Event "CZE-ch Youth G16 2022"]
[Site "Luhacovice"]
[Date "2022.03.18"]
[Round "8.3"]
[White "Markova, Karolina"]
[Black "Mullerova, Karina Nela"]
[Result "1/2-1/2"]
[ECO "C00"]
[WhiteElo "1589"]
[BlackElo "1250"]
[Annotator "NA"]
[PlyCount "74"]
[EventDate "2022.03.12"]
[EventType "swiss"]
[EventCountry "CZE"]
[SourceTitle "playchess.com"]
[Source "ChessBase"]
[SourceQuality "1"]
[TimeControl "40/5400+30:1800+30"]

1. e4 e6 2. d4 b6 3. Nc3 Bb4 4. Bd2 Bb7 5. f3 d5 6. exd5 exd5 7. Qe2+ Qe7 8. a3 Bxc3 9. Bxc3 Ba6 10. Qxe7+ Nxe7 11. Bxa6 Nxa6 12. O-O-O O-O 13. Ne2 Rfe8 14. Nf4 c6 15. Rhe1 Nf5 16. g4 Ne3 17. Rd2 Nc4 18. Rde2 Nd6 19. Nd3 Rxe2 20. Rxe2 Re8 21. Rxe8+ Nxe8 22. Ne5 Nb8 23. Kd2 f6 24. Nd3 a5 25. Ke3 g5 26. Be1 Nd7 27. h4 h6 28. Bg3 Kf7 29. f4 Ke6 30. b3 b5 31. c3 Ke7 32. Nb2 Nb6 33. fxg5 fxg5 34. Nd3 Nd7 35. hxg5 hxg5 36. Ne5 Nxe5 37. dxe5 Nc7 1/2-1/2